cohdb
Replays
Latest Replays
All Replays
Popular Replays
Top Player Replays
Match Explorer
How It Works
Community
CoH3 Stats
Reddit
Sign in to upload your games and track your stats! →
Sign in with Steam
jes vs ozi
Match 26028704
Overview
Messages
Build Orders
End
Engineer Squad
Construct Barracks
Riflemen Squad
Riflemen Squad
Riflemen Squad
Grenade Package
Construct Medical Station
Infantry Support Center
M1 Mortar Team
Construct Motor Pool
M1 Anti-tank Gun Team
Selects Armored Battlegroup
Selects Veteran Crews
Selects M31 Recovery Vehicle
Selects War Machine
Selects Fast Deploy
M24 Chaffee Light Tank
M1918 Browning Automatic Rifles
Riflemen Squad
Selects Seek and Destroy
Construct Tank Depot
Selects UNKNOWN (2160077)
M4A3E8 Sherman Easy Eight
M4A3E8 Sherman Easy Eight
Jesulin
diagnosed with skill issue :(
0
0
Comments
sign in to comment!
No comments posted yet!